 Dungeon Crawl Stone Soup version 0.28.0 (webtiles) character file.

Game seed: 1666747930024733418

426 Sanktem7 the Chopper (level 6, -2/56 HPs)
             Began as a Minotaur Fighter on Feb 12, 2022.
             Succumbed to a gnoll's poison
             ... on level 5 of the Dungeon.
             The game lasted 00:06:28 (3760 turns).

Sanktem7 the Chopper (Minotaur Fighter)             Turns: 3760, Time: 00:06:29

Health: -2/56      AC: 15    Str: 23    XL:     6   Next: 64%
Magic:  5/5        EV:  5    Int:  5    God:
Gold:   274        SH:  8    Dex:  9    Spells: 5/5 levels left

rFire   . . .      SeeInvis .   a - +0 war axe
rCold   . . .      Faith    .   n - +0 kite shield
rNeg    . . .      Spirit   .   o - +3 plate armour
rPois   .          Reflect  .   (helmet restricted)
rElec   .          Harm     .   (no cloak)
rCorr   .          Rampage  .   (no gloves)
Will    .....                   (no boots)
Stlth   ..........              (no amulet)
HPRegen 0.18/turn               (no ring)
MPRegen 0.09/turn               (no ring)

@: lethally poisoned (-2 -> -13)
A: horns 2, retaliatory headbutt
a: no special abilities


You were on level 5 of the Dungeon.
You visited 1 branch of the dungeon, and saw 5 of its levels.

You collected 274 gold pieces.

Inventory:

Hand Weapons
 a - a +0 war axe (weapon)
 r - a +1 vorpal mace
Armour
 n - a +0 kite shield (worn)
 o - a +3 plate armour (worn)
Scrolls
 g - a scroll of fog
 h - a scroll of immolation
 j - a scroll of amnesia {unknown}
 m - a scroll of enchant weapon {unknown}
Potions
 b - a potion of brilliance {unknown}
 c - a potion of lignification
 d - a potion of might
 e - a potion of degeneration
 f - a potion of curing {unknown}
 i - 2 potions of flight
 k - a potion of cancellation {unknown}
 l - 5 potions of attraction
 q - a potion of haste {unknown}


   Skills:
 * Level 5.0 Fighting
 * Level 6.7 Axes
 * Level 5.3 Armour
 + Level 0.5 Dodging
 - Level 3.6 Shields


You had 5 spell levels left.
You didn't know any spells.
Your spell library contained the following spells:

 Spells                   Type           Power      Damage    Failure   Level
 Animate Armour           Summ/Erth      0%         N/A       100%        4
 Summon Ice Beast         Ice/Summ       0%         N/A       100%        4
 Blade Hands              Tmut           0%         N/A       100%        5
 Summon Mana Viper        Hex/Summ       0%         N/A       100%        5
 Iron Shot                Conj/Erth      0%         9d1       100%        6
 Monstrous Menagerie      Summ           0%         N/A       100%        7


Dungeon Overview and Level Annotations

Branches:
Dungeon (5/15)
 Temple: D:4-7

Altars:
Dithmenos
Elyvilon
Sif Muna
The Shining One


Innate Abilities, Weirdness & Mutations

You have a pair of horns on your head.
You reflexively headbutt those who attack you in melee.


Message History

You block the gnoll's attack. The gnoll hits you but does no damage.
You are more poisoned.
The gnoll shaman hits you but does no damage.
You block the gnoll's attack. The quokka bites you.
The gnoll hits you but does no damage. x2
You are more poisoned.
You feel very sick.
You hit the quokka. Your headbutt misses the quokka.
The quokka is almost dead.
You feel very sick.
The quokka bites you but does no damage. x2
You barely miss the quokka. Your headbutt misses the quokka.
The quokka is almost dead.
You feel very sick.
The quokka bites you but does no damage.
The gnoll hits you from afar with a +0 halberd of venom.
You are more poisoned.
You slash the quokka!
You kill the quokka!
You closely miss the gnoll.
You feel extremely sick. You block the gnoll's attack.
The gnoll hits you but does no damage.
You are lethally poisoned!
The gnoll hits you but does no damage.
* * * LOW HITPOINT WARNING * * *
You feel very sick. The gnoll hits you but does no damage.
* * * LOW HITPOINT WARNING * * *
You feel very sick. The gnoll hits you but does no damage.
* * * LOW HITPOINT WARNING * * *
You feel very sick. The gnoll hits you but does no damage.
* * * LOW HITPOINT WARNING * * *
You feel very sick.
Really quaff the potion of lignification?
Okay, then.
You hit the gnoll shaman. Your headbutt misses the gnoll shaman.
The gnoll shaman is heavily wounded.
You die...

#........
######.# ##..♣P≈≈
..##.#### #.....#
#.#♣≈P≈ ..#>....
#.#####......♣≈PP
.........
#.#...........♣♣♣
#####.###
#.#..........##
#.#....###...#
##.#....# #...#
#..##.### #....
#@## .. ....#
#g#####.
#.###g#.###..
######
#....g....+
......
(...###g#g.##
......
....###†#..####
......
.......?......$
######
###..##........
#..........##


You could see a gnoll shaman and 3 gnolls.

Vanquished Creatures
  A sky beast (D:5)
  An ogre (D:4)
  2 hounds (D:4)
  An iguana (D:5)
  2 orc wizards (D:4)
  2 adders (D:4)
  A worm (D:3)
  5 dart slugs
  5 orcs
  6 ball pythons
  6 endoplasms
  2 giant cockroaches
  10 goblins
  11 hobgoblins
  8 jackals
  8 kobolds
  3 quokkas
  9 bats
  2 frilled lizards (D:2)
  7 rats
92 creatures vanquished.

Notes
Turn   | Place    | Note
-------+----------+-------------------------------------------
     0 | D:1      | Sanktem7 the Minotaur Fighter began the quest for the Orb.
     0 | D:1      | Reached XP level 1. HP: 19/19 MP: 0/0
   185 | D:1      | Reached XP level 2. HP: 27/27 MP: 1/1
   254 | D:1      | Reached skill level 3 in Axes
   726 | D:1      | Found a faded altar of an unknown god.
   853 | D:1      | Reached XP level 3. HP: 32/33 MP: 2/2
  1852 | D:3      | Found a shadowy altar of Dithmenos.
  2123 | D:3      | Reached skill level 4 in Axes
  2147 | D:3      | Reached XP level 4. HP: 35/40 MP: 3/3
  2192 | D:3      | Found a shimmering blue altar of Sif Muna.
  2286 | D:3      | Found a glowing golden altar of the Shining One.
  2784 | D:4      | Reached skill level 5 in Axes
  2784 | D:4      | Reached XP level 5. HP: 45/47 MP: 4/4
  2873 | D:4      | Found a white marble altar of Elyvilon.
  3086 | D:4      | Noticed an ogre
  3092 | D:4      | Killed an ogre
  3093 | D:4      | Reached skill level 6 in Axes
  3093 | D:4      | Reached skill level 5 in Armour
  3093 | D:4      | Reached XP level 6. HP: 11/55 MP: 5/5
  3492 | D:5      | Entered Level 5 of the Dungeon
  3658 | D:5      | Noticed a sky beast
  3678 | D:5      | Killed a sky beast
  3679 | D:5      | Reached skill level 5 in Fighting
  3759 | D:5      | HP: 2/56 [poisoned by a gnoll]
  3760 | D:5      | Succumbed to a gnoll's poison

Illustrated notes

Levels and vault maps discovered:
D:1:      shiori_arrival_maze, layout_basic, ebering_ecumenical_altar_hall,
          minmay_tall_x
D:2:      layout_basic, glass_columns_a
D:3:      layout_basic, tso_metal_star, grunt_dithmenos_smoke_and_mirrors,
          lemuel_tele_altar, kennysheep_generic_room_11
D:4:      layout_loops_ring, lemuel_crystal_altar, serial_glass,
          glass_columns_c, glass_columns_b, glass_columns_a, glass_columns_a,
          glass_columns_b, glass_columns_a, glass_columns_a, glass_columns_b
D:5:      layout_basic, grunt_temple_overflow_order_and_chaos_2,
          serial_co_window_serial, co_window_corner_a, co_window_corner_a,
          co_window_corner_a, co_window_corner_a, co_window_paths_a,
          co_window_broadway_a, co_window_broadway_b, co_window_corner_b,
          co_window_of_opportunity_b, glass_columns_a, glass_columns_a,
          glass_columns_a, glass_columns_a, serial_bayou_ford_a,
          ebering_dispersal_statue_hall

Skill      XL: |  1  2  3  4  5  6 |
---------------+-------------------+-----
Fighting       | 4 5 |  5.0
Axes           | 3 4 5 6 |  6.7
Armour         | 4 5 |  5.3
Dodging        | |  0.5
Shields        | |  3.6

Action                   |  1- 3 |  4- 6 || total
-------------------------+-------+-------++-------
Melee: War axe           |   104 |   110 ||   214
       Headbutt          |     9 |    15 ||    24
  Use: Scroll            |       |     9 ||     9
Armor: Scale mail        |    78 |       ||    78
       Plate armour      |     9 |   100 ||   109
Dodge: Dodged            |    67 |    15 ||    82
Block: Buckler           |    30 |       ||    30
       Kite shield       |     4 |    48 ||    52
